 Dungeon Crawl Stone Soup version 0.21-a0-504-g2eda330 (webtiles) character file.

161 Gwenloh the Sneak (level 5, -2/27 HPs)
             Began as a Spriggan Assassin on Nov 26, 2017.
             Slain by an orc wizard
             ... wielding a +0 dagger
              (3 damage)
             ... on level 3 of the Dungeon.
             The game lasted 00:20:03 (2392 turns).

Gwenloh the Sneak (Spriggan Assassin)               Turns: 2392, Time: 00:20:04

Health: -2/27      AC:  3    Str:  7    XL:     5   Next: 18%
Magic:  6/6        EV: 19    Int: 12    God:
Gold:   117        SH:  2    Dex: 19    Spells: 4/4 levels left

rFire    . . .     SeeInvis +   a - +2 dagger
rCold    + . .     Gourm    .   (shield restricted)
rNeg     . . .     Faith    .   c - +0 robe
rPois    .         Spirit   .   (helmet restricted)
rElec    .         Reflect  +   d - +0 cloak
rCorr    .         Harm     .   (gloves unavailable)
MR       .....                  (boots unavailable)
Stlth    ++++......             x - +2 amulet of reflection
HPRegen  0.09/turn              v - ring of protection from cold
MPRegen  0.10/turn              (no ring)

@: very quick
A: very small, unfitting armour, see invisible, herbivore 3, speed 3, slow
metabolism 2
a: no special abilities


You were on level 3 of the Dungeon.
You were not hungry.

You visited 1 branch of the dungeon, and saw 4 of its levels.

You collected 117 gold pieces.

Inventory:

Hand Weapons
 a - a +2 dagger (weapon)
 b - a +0 blowgun
 o - a +0 hunting sling
 B - a +0 fustibalus
 D - a cursed -3 short sword
Missiles
 e - 4 poisoned needles
 f - 2 curare-tipped needles
 l - 134 stones (quivered)
 m - 26 arrows
 s - 33 sling bullets
 y - 40 bolts
Armour
 c - a +0 robe (worn)
 d - a +0 cloak (worn)
 u - a +0 animal skin
Jewellery
 v - a ring of protection from cold (left hand)
 w - an uncursed ring of protection from cold
 x - a +2 amulet of reflection (around neck)
Wands
 z - a wand of iceblast (3)
Scrolls
 h - a scroll of remove curse {unknown}
 k - 2 scrolls of enchant armour {unknown}
 n - 2 scrolls of magic mapping {unknown}
 q - 5 scrolls of identify {unknown}
 t - a scroll of enchant weapon {unknown}
 A - a scroll of immolation {unknown}
 E - a scroll of teleportation {unknown}
 F - a scroll of blinking {unknown}
Potions
 j - a potion of mutation {unknown}
 p - 2 potions of ambrosia {unknown}
 C - a potion of invisibility {unknown}
Comestibles
 g - 3 bread rations
 i - 2 royal jellies
 r - 3 fruits


   Skills:
 + Level 2.5 Fighting
 + Level 3.5 Short Blades
 - Level 2.0 Throwing
 + Level 3.8 Dodging
 + Level 7.1 Stealth


You had 4 spell levels left.
You didn't know any spells.

Dungeon Overview and Level Annotations

Branches:
Dungeon (4/15)
 Temple: D:4-7

Altars:


Innate Abilities, Weirdness & Mutations

You are very small and have problems with some larger weapons.
You are too small for most types of armour.
You have supernaturally acute eyesight. (SInv)
You are a herbivore.
You cover ground extremely quickly.
You need consume almost no food.


Message History

There is a stone staircase leading up, spattered with blood here.
The orc wizard casts a spell at you. The magic dart hits you!
* * * LOW HITPOINT WARNING * * *
You climb upwards.
There is a stone staircase leading down here.
Okay, then.
You are too injured to fight recklessly!
You are too injured to fight recklessly!
You are too injured to fight recklessly!
You are too injured to fight recklessly!
You hit the orc wizard but do no damage.
The orc wizard closely misses you.
You barely miss the orc wizard. The orc wizard casts a spell at you.
The magic dart hits you!
* * * LOW HITPOINT WARNING * * *
You hit the orc wizard but do no damage.
You barely miss the orc wizard. The orc wizard hits you with a dagger.
You die...

##.........######..###
#......... ####).......÷.....#
####.##### #......####....#####
#.# #...........#......# #.####
####...######.####.####..†[#
##...# #.# #.........#
#####..#.# #.########.....#
###.....##'######o.............#
....##..#...#...@.##......#....#
.......##...########......#....#
....#####...# #......#....#
....# ##### #......#....# ....#
#......###### ....# ########
....# #####


You could see an orc wizard.

Vanquished Creatures
  A howler monkey (D:3)
  Robin (D:2)
  5 adders
  An ooze (D:1)
  2 dart slugs
  2 leopard geckos (D:3)
  An orc (D:3)
  4 bats
  4 giant cockroaches
  10 goblins
  7 hobgoblins
  3 jackals (D:3)
  4 frilled lizards
  A jackal skeleton (D:3)
  6 kobolds
  4 rats
56 creatures vanquished.

Notes
Turn   | Place    | Note
-------+----------+-------------------------------------------
     0 | D:1      | Gwenloh the Spriggan Assassin began the quest for the Orb.
     0 | D:1      | Reached XP level 1. HP: 10/10 MP: 2/2
    92 | D:1      | Reached skill level 6 in Stealth
   194 | D:1      | Reached XP level 2. HP: 14/15 MP: 3/3
   615 | D:2      | Noticed Robin
   669 | D:2      | Reached XP level 3. HP: 18/18 MP: 4/4
   936 | D:2      | Killed Robin
  1245 | D:2      | Reached XP level 4. HP: 23/23 MP: 5/5
  2381 | D:3      | Reached skill level 7 in Stealth
  2381 | D:3      | Reached XP level 5. HP: 26/27 MP: 6/6
  2390 | D:3      | HP: 1/27 [orc wizard/magic dart (5)]
  2392 | D:3      | Slain by an orc wizard

Vault maps used:
D:1:      giann_bridges
D:2:      uniq_robin
D:3:      eino_tiny_chamber, grunt_ministairs_15

Skill      XL: |  1  2  3  4 |
---------------+-------------+-----
Stealth        | 6 7 |  7.1
Dodging        | 2 3 |  3.8
Fighting       | 2 |  2.5
Short Blades   | 3 |  3.5
Throwing       | |  2.0

Action                   |  1- 3 |  4- 6 || total
-------------------------+-------+-------++-------
Melee: Dagger            |    95 |    88 ||   183
 Fire: Blowgun           |    20 |    21 ||    41
 Stab: Sleeping          |     9 |     4 ||    13
       Distracted        |       |     1 ||     1
Armor: Robe              |    12 |     7 ||    19
Dodge: Dodged            |    70 |    59 ||   129
Block: Other             |       |     1 ||     1

Table legend:
 A = Spawn XP
 B = Non-spawn XP
 C = Spawn XP percentage of total XP
 D = Spawn monster count
 E = Non-spawn monster count
 F = Spawn count percentage of total count
 G = Total turns spent on level
                    A         B        C        D         E        F      G
               +---------+---------+-------+---------+---------+-------+---------
         Total |       0 |     230 |   0.0 |       0 |      56 |   0.0 |  2392
               +---------+---------+-------+---------+---------+-------+---------
           D:1 |       0 |      19 |   0.0 |       0 |       8 |   0.0 |   420
           D:2 |       0 |      78 |   0.0 |       0 |      23 |   0.0 |   872
           D:3 |       0 |     133 |   0.0 |       0 |      25 |   0.0 |  1065
               +---------+---------+-------+---------+---------+-------+---------
